 Dungeon Crawl Stone Soup version 0.24.0-123-gd5b16e6ec5 (webtiles) character file.

Game seed: 5573128123642208218, levelgen mode: deterministic

3765 Seyeem the Thaumaturge (level 10, -10/73 HPs)
             Began as a Gnoll Wizard on Jan 6, 2020.
             Was a Follower of Ashenzari.
             Mangled by a six-headed hydra (13 damage)
             ... on level 9 of the Dungeon.
             The game lasted 00:43:18 (11516 turns).

Seyeem the Thaumaturge (Gnoll Wizard)              Turns: 11516, Time: 00:43:19

Health: -10/73     AC:  6    Str: 11    XL:     10   Next: 15%
Magic:  17/22      EV: 16    Int: 23    God:    Ashenzari [*.....]
Gold:   482        SH:  0    Dex: 13    Spells: 8/26 levels left

rFire    . . .     SeeInvis .   C - +4 halberd (freeze) (curse)
rCold    . . .     Gourm    .   (shield currently unavailable)
rNeg     + . .     Faith    .   r - +2 robe {rN+}
rPois    .         Spirit   .   b - +1 hat
rElec    .         Reflect  .   (no cloak)
rCorr    .         Harm     .   s - +0 pair of gloves
MR       .....                  (no boots)
Stlth    +++.......             y - amulet of rage
HPRegen  0.22/turn              (no ring)
MPRegen  0.18/turn              (no ring)

@: no status effects
A: distributed training, fangs 1, strong nose
a: Curse Item, Scrying, Renounce Religion, Evoke Berserk Rage


You were on level 9 of the Dungeon.
You worshipped Ashenzari.
Ashenzari was aware of your devotion.
You were not hungry.

You visited 2 branches of the dungeon, and saw 10 of its levels.

You collected 482 gold pieces.

Inventory:

Hand Weapons
 e - a +0 whip
 l - a +0 mace of crushing
 C - a cursed +4 halberd of freezing (weapon)
Armour
 a - a +2 ring mail of poison resistance
 b - a +1 hat (worn)
 r - a +2 robe of positive energy (worn)
 s - a +0 pair of gloves (worn)
Jewellery
 y - an amulet of rage (around neck)
Wands
 j - a wand of flame (7)
 w - a wand of acid (21)
 F - a wand of digging (6)
 G - a wand of enslavement (2)
Scrolls
 c - a scroll of random uselessness
 h - 6 scrolls of remove curse
 i - 6 scrolls of teleportation
 k - a scroll of fog
 m - 5 scrolls of identify
 v - 3 scrolls of magic mapping
 A - a scroll of amnesia
 D - a scroll of enchant armour
Potions
 f - a potion of agility
 g - 3 potions of curing
 n - 2 potions of flight
 o - 3 potions of heal wounds {unknown}
 p - a potion of resistance {unknown}
 q - a potion of brilliance {unknown}
 u - a potion of mutation {unknown}
 x - 2 potions of lignification {unknown}
 z - a potion of might {unknown}
Comestibles
 d - 11 rations


   Skills:
 + Level 4.9 Fighting
 + Level 4.9 Short Blades
 + Level 4.9 Long Blades
 + Level 4.9 Axes
 + Level 4.9 Maces & Flails
 + Level 4.9 Polearms
 + Level 4.9 Staves
 + Level 4.9 Slings
 + Level 4.9 Bows
 + Level 4.9 Crossbows
 + Level 4.9 Throwing
 + Level 4.9 Armour
 + Level 6.8 Dodging
 + Level 6.5 Stealth
 + Level 4.9 Shields
 + Level 4.9 Unarmed Combat
 + Level 8.8 Spellcasting
 + Level 4.6 Conjurations
 + Level 4.0 Hexes
 + Level 4.0 Charms
 + Level 4.6 Summonings
 + Level 4.0 Necromancy
 + Level 4.6 Translocations
 + Level 4.0 Transmutations
 + Level 4.0 Fire Magic
 + Level 4.0 Ice Magic
 + Level 4.0 Air Magic
 + Level 4.0 Earth Magic
 + Level 4.0 Poison Magic
 + Level 5.4 Invocations
 + Level 4.9 Evocations


You had 8 spell levels left.
You knew the following spells:

 Your Spells              Type           Power        Failure   Level  Hunger
a - Magic Dart            Conj           ####         1%          1    None
b - Call Imp              Summ           ####....     1%          2    None
c - Inner Flame           Hex/Fire       ####....     3%          3    None
d - Sticky Flame          Conj/Fire      ####....     11%         4    ##.....
e - Conjure Flame         Conj/Fire      ####....     3%          3    None
f - Mephitic Cloud        Conj/Pois/Air  ####....     3%          3    None
i - Blink                 Tloc           N/A          1%          2    None

Your spell library contained the following spells:

 Spells                   Type           Power        Failure   Level  Hunger
 Corona                   Hex            ####...      1%          1    None
 Flame Tongue             Conj/Fire      ####.        1%          1    None
 Ensorcelled Hibernation  Hex/Ice        ####..       1%          2    None
 Slow                     Hex            ####....     1%          2    None
 Throw Flame              Conj/Fire      ####..       1%          2    None
 Confuse                  Hex            ####....     3%          3    None
 Dazzling Spray           Conj/Hex       ####..       3%          3    None
 Tukima's Dance           Hex            ####....     3%          3    None
 Fireball                 Conj/Fire      ####......   30%         5    ####...


Dungeon Overview and Level Annotations

Branches:
Dungeon (9/15)             Temple (1/1) D:5            Lair (0/6) D:8
    Orc: D:9-12

Altars:
Ashenzari
Cheibriados
Dithmenos
Elyvilon
Fedhas
Gozag
Hepliaklqana
Kikubaaqudgha
Makhleb
Nemelex Xobeh
Okawaru
Qazlal
Ru
Sif Muna
Trog
Uskayaw
Vehumet
Wu Jian
Xom
Yredelemnul
Zin
The Shining One

Annotations:
D:5 3 runed translucent doors, Nebesus's ghost, novice KoBe
D:7 Harold
D:9 Psyche


Innate Abilities, Weirdness & Mutations

Your experience applies equally to all skills.
You have very sharp teeth.
Your uncanny sense of smell can sniff out nearby items.


Message History

You bite the six-headed hydra, but do no damage.
The six-headed hydra is lightly wounded.
The six-headed hydra is engulfed in blazing flames.
The six-headed hydra barely misses you.
The six-headed hydra closely misses you. x2
The six-headed hydra bites you.
The six-headed hydra completely misses you.
The six-headed hydra closely misses you.
The six-headed hydra is engulfed in blazing flames.
The six-headed hydra bites you. The six-headed hydra bites you!
The six-headed hydra bites you. The six-headed hydra bites you! x3
* * * LOW HITPOINT WARNING * * *
Casting: Conjure Flame (safe; 3% risk of failure)
Confirm with . or Enter, or press ? or * to list all spells.
You blink.
The six-headed hydra is engulfed in blazing flames.
The six-headed hydra barely misses you. The six-headed hydra bites you!
* * * LOW HITPOINT WARNING * * *
The six-headed hydra misses you. The six-headed hydra bites you!
You die...

โˆ† ##### #.# ...# #...
โˆ† โˆ† ##.## #..# ##+##
##...####..# #...#
#.......#..# +...+
##...##.#..# #..@#
##.###.#..# #####D######
#.###.....
#.###ยง#....###..##.....
#..............#.......
#######....####.##.#...
##.#.# #.##.#### #.#.#
.##.# # #(#(# .##.# #
#.#.# .##. ##


You could see a six-headed hydra.

Vanquished Creatures
  A two-headed ogre (D:9)
  A wyvern (D:9)
  A water moccasin (D:9)
  2 sky beasts (D:5)
  A black bear (D:9)
  A phantom (D:7)
  2 ogres
  5 centaurs
  2 scorpions (D:6)
  2 killer bees (D:7)
  4 wights (D:7)
  2 crimson imps
  A howler monkey (D:8)
  3 centaur skeletons
  3 hounds
  3 jellies
  3 orc priests
  2 bullfrog skeletons
  A worker ant (D:9)
  4 iguanas
  9 orc wizards
  2 hound skeletons
  A mummy (D:5)
  8 adders
  2 oozes (D:2)
  An adder skeleton (D:4)
  An adder zombie (D:8)
  2 dart slugs (D:3)
  A leopard gecko (D:6)
  9 orcs
  11 giant cockroaches
  6 goblins
  8 hobgoblins
  7 jackals
  3 quokkas
  2 ball pythons
  9 bats
  3 frilled lizards
  A giant cockroach zombie (D:5)
  A goblin zombie (D:5)
  12 kobolds
  A kobold zombie (D:5)
  A leopard gecko skeleton (D:6)
  3 rats
  A rat zombie (D:5)
  A toadstool (D:1)
150 creatures vanquished.

Vanquished Creatures (collateral kills)
  A spriggan (D:7)
  A hungry ghost (D:6)
  Menkaure (D:6)
  A centaur (D:6)
  A big kobold (D:8)
  A killer bee (D:7)
  An orc priest (D:7)
  2 orc wizards (D:7)
  Jessica (D:2)
  3 worker ants
  A howler monkey skeleton (D:6)
  2 adders
  A worm (D:2)
  3 orcs
  3 giant cockroaches (D:3)
  3 jackals
  A hobgoblin zombie (D:5)
  A kobold (D:2)
  A kobold zombie (D:5)
  An orc zombie (D:5)
30 creatures vanquished.

Vanquished Creatures (others)
  3 toadstools (D:1)
3 creatures vanquished.

Grand Total: 183 creatures vanquished

Notes
Turn   | Place    | Note
-------+----------+-------------------------------------------
     0 | D:1      | Seyeem the Gnoll Wizard began the quest for the Orb.
     0 | D:1      | Reached XP level 1. HP: 13/13 MP: 8/8
   240 | D:1      | Reached XP level 2. HP: 19/19 MP: 6/10
   789 | D:2      | Noticed Jessica
   887 | D:2      | Reached XP level 3. HP: 25/25 MP: 5/11
   893 | D:2      | Learned a level 2 spell: Call Imp
   896 | D:2      | Learned a level 2 spell: Blink
   900 | D:2      | Learned a level 3 spell: Conjure Flame
   960 | D:2      | Learned a level 3 spell: Mephitic Cloud
  1235 | D:2      | Reached skill level 1 in Invocations
  1295 | D:2      | Killed Jessica
  1295 | D:2      | Reached skill level 1 in Fighting
  1295 | D:2      | Reached skill level 1 in Short Blades
  1295 | D:2      | Reached skill level 1 in Long Blades
  1295 | D:2      | Reached skill level 1 in Axes
  1295 | D:2      | Reached skill level 1 in Maces & Flails
  1295 | D:2      | Reached skill level 1 in Polearms
  1295 | D:2      | Reached skill level 1 in Staves
  1295 | D:2      | Reached skill level 1 in Slings
  1295 | D:2      | Reached skill level 1 in Bows
  1295 | D:2      | Reached skill level 1 in Crossbows
  1295 | D:2      | Reached skill level 1 in Throwing
  1295 | D:2      | Reached skill level 1 in Armour
  1295 | D:2      | Reached skill level 1 in Shields
  1295 | D:2      | Reached skill level 1 in Unarmed Combat
  1295 | D:2      | Reached skill level 1 in Evocations
  1295 | D:2      | Reached XP level 4. HP: 31/32 MP: 8/13
  1533 | D:2      | Found a blossoming altar of Fedhas.
  1789 | D:3      | Reached skill level 1 in Hexes
  1789 | D:3      | Reached skill level 1 in Charms
  1789 | D:3      | Reached skill level 1 in Necromancy
  1789 | D:3      | Reached skill level 1 in Transmutations
  1789 | D:3      | Reached skill level 1 in Fire Magic
  1789 | D:3      | Reached skill level 1 in Ice Magic
  1789 | D:3      | Reached skill level 1 in Air Magic
  1789 | D:3      | Reached skill level 1 in Earth Magic
  1789 | D:3      | Reached skill level 1 in Poison Magic
  1853 | D:3      | Reached XP level 5. HP: 37/37 MP: 6/14
  2398 | D:3      | You fall into a shaft and drop 2 floors!
  2398 | D:5      | Entered Level 5 of the Dungeon
  2512 | D:4      | Reached XP level 6. HP: 43/44 MP: 9/16
  2780 | D:3      | Found a snail-covered altar of Cheibriados.
  2781 | D:3      | Found a sparkling altar of Nemelex Xobeh.
  3389 | D:5      | Found a staircase to the Ecumenical Temple.
  3403 | Temple   | Entered the Ecumenical Temple
  3423 | Temple   | Became a worshipper of Ashenzari the Shackled
  3584 | D:5      | Reached skill level 5 in Dodging
  3639 | D:5      | Noticed a sky beast
  3722 | D:5      | Found a runed translucent gate.
  3723 | D:5      | Found a runed translucent gate.
  3724 | D:5      | Found a runed translucent gate.
  3724 | D:5      | Noticed an orc warrior
  3724 | D:5      | Noticed Nebesus's ghost (novice KoBe)
  3873 | D:5      | Found a burning altar of Makhleb.
  4147 | D:5      | Found an ancient bone altar of Kikubaaqudgha.
  4147 | D:5      | Found a basalt altar of Yredelemnul.
  4147 | D:5      | Found a glowing silver altar of Zin.
  4216 | D:5      | Killed a sky beast
  4216 | D:5      | Reached XP level 7. HP: 50/50 MP: 10/18
  4389 | D:6      | Noticed Menkaure
  5029 | D:6      | Noticed a hungry ghost
  5055 | D:6      | Killed a hungry ghost
  5217 | D:6      | Learned a level 3 spell: Inner Flame
  5292 | D:6      | Reached * piety under Ashenzari
  5567 | D:6      | Killed Menkaure
  5567 | D:6      | Reached skill level 5 in Stealth
  6370 | D:6      | Reached XP level 8. HP: 57/57 MP: 1/19
  6615 | D:6      | HP: 1/58 [centaur/arrow (8)]
  7369 | D:5      | Reached skill level 8 in Spellcasting
  8563 | D:7      | Reached XP level 9. HP: 65/65 MP: 9/21
  9171 | D:7      | Learned a level 4 spell: Sticky Flame
  9449 | D:8      | Found a staircase to the Lair.
  9998 | D:8      | Noticed Harold
 10428 | D:9      | Noticed a two-headed ogre
 11143 | D:9      | Noticed Psyche
 11199 | D:9      | Killed a two-headed ogre
 11199 | D:9      | Reached skill level 5 in Invocations
 11199 | D:9      | Reached XP level 10. HP: 42/73 MP: 2/22
 11512 | D:9      | Noticed a five-headed hydra
 11516 | D:9      | HP: 3/73 [six-headed hydra (12)]
 11516 | D:9      | Mangled by a six-headed hydra

Levels and vault maps discovered:
D:1:      ldierk_water_garden, layout_basic
D:2:      layout_basic, lemuel_coloured_pillars_altar, uniq_jessica
D:3:      minmay_roachtagon, layout_basic,
          chequers_temple_overflow_statue_of_worship, minmay_misc_feat_tiny
D:4:      layout_gridville
D:5:      layout_basic, gammafunk_temple_overflow_claw, old_standard_altar,
          minmay_temple_entry_drinking_statues, enter_ossuary_4, first_ration,
          gammafunk_ghost_split, minmay_mini_ossuary
D:6:      layout_basic, uniq_menkaure
D:7:      layout_rooms, the_bakery
D:8:      layout_gridville, lair_entry_dummy, uniq_harold
D:9:      layout_loops_ring, minmay_evil_grid, uniq_gastronok, uniq_psyche,
          uniq_pikel, uniq_grum
Temple:   regret_index_temple_waves

Skill      XL: |  1  2  3  4  5  6  7  8  9 10 |
---------------+-------------------------------+-----
Conjurations   | 2 3 4 |  4.6
Summonings     | 2 3 4 |  4.6
Translocations | 2 3 4 |  4.6
Invocations    | 1 2 3 4 5 |  5.4
Fighting       | 1 2 3 4 |  4.9
Short Blades   | 1 2 3 4 |  4.9
Long Blades    | 1 2 3 4 |  4.9
Axes           | 1 2 3 4 |  4.9
Maces & Flails | 1 2 3 4 |  4.9
Polearms       | 1 2 3 4 |  4.9
Staves         | 1 2 3 4 |  4.9
Slings         | 1 2 3 4 |  4.9
Bows           | 1 2 3 4 |  4.9
Crossbows      | 1 2 3 4 |  4.9
Throwing       | 1 2 3 4 |  4.9
Armour         | 1 2 3 4 |  4.9
Shields        | 1 2 3 4 |  4.9
Unarmed Combat | 1 2 3 4 |  4.9
Evocations     | 1 2 3 4 |  4.9
Hexes          | 1 2 3 4 |  4.0
Charms         | 1 2 3 4 |  4.0
Necromancy     | 1 2 3 4 |  4.0
Transmutations | 1 2 3 4 |  4.0
Fire Magic     | 1 2 3 4 |  4.0
Ice Magic      | 1 2 3 4 |  4.0
Air Magic      | 1 2 3 4 |  4.0
Earth Magic    | 1 2 3 4 |  4.0
Poison Magic   | 1 2 3 4 |  4.0
Dodging        | 5 6 |  6.8
Stealth        | 5 6 |  6.5
Spellcasting   | 8 |  8.8

Action                   |  1- 3 |  4- 6 |  7- 9 | 10-12 || total
-------------------------+-------+-------+-------+-------++-------
Melee: Unarmed           |     3 |       |       |       ||     3
       Whip              |     5 |    31 |       |       ||    36
       Mace              |       |    17 |    19 |       ||    36
       Punch             |       |     2 |       |       ||     2
       Bite              |       |     1 |    10 |     1 ||    12
       Halberd           |       |       |    36 |    13 ||    49
 Cast: Magic Dart        |    53 |   108 |   252 |    11 ||   424
       Call Imp          |     4 |    13 |    54 |       ||    71
       Mephitic Cloud    |       |     2 |    12 |       ||    14
       Conjure Flame     |       |     2 |    12 |     4 ||    18
       Blink             |       |     1 |     5 |     1 ||     7
       Inner Flame       |       |       |    17 |       ||    17
       Sticky Flame      |       |       |     5 |       ||     5
Invok: Curse Item        |       |       |       |     1 ||     1
  Use: Scroll            |       |    11 |     4 |     4 ||    19
       Potion            |       |       |     1 |       ||     1
 Stab: Confused          |       |     1 |     4 |       ||     5
       Distracted        |       |     1 |       |       ||     1
  Eat: Chunk             |     1 |     8 |     3 |     1 ||    13
       Ration            |       |       |     6 |       ||     6
Armor: Robe              |     1 |    20 |    19 |     2 ||    42
       Ring mail         |       |       |    15 |       ||    15
Dodge: Dodged            |     6 |    53 |   124 |    11 ||   194
